 Dungeon Crawl Stone Soup version 0.19-a0-450-g98b348d (webtiles) character file.

3493 mopl the Martial Artist (level 9, -4/72 HPs)
             Began as a Mummy Monk on June 1, 2016.
             Slain by an orc warrior
             ... wielding a +0 mace
              (21 damage)
             ... on level 9 of the Dungeon.
             The game lasted 00:20:37 (11948 turns).

mopl the Martial Artist (Mummy Monk)               Turns: 11948, Time: 00:20:38

Health: -4/72      AC:  6    Str: 14    XL:     9   Next: 80%
Magic:  9/9        EV: 17    Int:  9    God:
Gold:   442        SH:  0    Dex: 18    Spells: 0 memorised, 8 levels left

rFire  x . .     SeeInvis .       - Unarmed
rCold  + . .     Gourm    .     (no armour)
rNeg   + + +     Faith    .     (no shield)
rPois  ∞         Spirit   .     a - +2 helmet
rElec  .         Dismiss  .     (no cloak)
rCorr  .         Reflect  .     (no gloves)
SustAt .         Harm     .     k - +2 pair of boots
MR     +....                    (no amulet)
Stlth  ++........               (no ring)
                                l - +1 ring of evasion

@: somewhat resistant to hostile enchantments, unstealthy
A: no food or potions, fire vulnerability, cold resistance 1, negative energy
resistance 3, torment resistance, unbreathing
a: no special abilities


You were on level 9 of the Dungeon.
You were not hungry.

You visited 1 branch of the dungeon, and saw 9 of its levels.

You collected 442 gold pieces.

Inventory:

Armour
 a - a +2 helmet (worn)
 i - a +0 buckler
 k - a +2 pair of boots (worn)
Jewellery
 l - a +1 ring of evasion (left hand)
Scrolls
 b - 2 scrolls of enchant weapon
 c - 2 scrolls of teleportation
 d - 2 scrolls of enchant armour
 e - a scroll of immolation {!r}
 f - a scroll of blinking
 g - a scroll of noise
 h - 2 scrolls of remove curse
 j - 2 scrolls of identify


   Skills:
 + Level 7.2 Fighting
 + Level 6.0 Dodging
 - Level 1.5 Stealth
 * Level 9.5 Unarmed Combat


You had 8 spell levels left.
You didn't know any spells.

Dungeon Overview and Level Annotations

Branches:
Dungeon (9/15)             Temple (0/1) D:7
   Lair: D:8-11         Orc: D:9-12

Altars:
Ashenzari
Cheibriados
Elyvilon
Fedhas
Gozag
Nemelex Xobeh
Qazlal
Zin
The Shining One

Shops:
D:6 (

Annotations:
D:3 Pikel
D:4 Blork the orc, Grinder
D:6 exclusion: sky beast
D:8 bb, removeelyvilon's ghost, novice TrMo
D:9 exclusions: big kobold, centaur, hydra, ice beast and troll, Erica


Innate Abilities, Weirdness & Mutations

You do not eat or drink.
Your flesh is vulnerable to fire.
You are immune to poison.
Your flesh is cold resistant. (rC+)
You are immune to negative energy. (rN+++)
You are immune to unholy pain and torment.
You can survive without breathing.


Message History

The orc shouts!
You hit the orc warrior.
The orc warrior is heavily wounded.
The orc warrior hits you with a mace!
You barely miss the orc warrior.
The orc warrior is heavily wounded.
The orc shouts!
You hit the orc warrior.
The orc warrior is heavily wounded.
The orc warrior misses you.
You hit the orc warrior but do no damage.
The orc warrior is heavily wounded.
The orc warrior hits you with a mace!!
* * * LOW HITPOINT WARNING * * *
An orc comes into view.
The orc shouts!
You hit the orc warrior.
The orc warrior is severely wounded.
The orc warrior hits you with a mace!!
You die... #.#.#..##..#[# #.#.##..#..### #.#.. ..##.. #### #.#.. #.T ..# $o.### #.##.. ..##.. #...# #.# .. #.. cYK

#...# #.# #..
..# #
#.oo########.#
#.. #
#.oooooo@...>#
#..###
#...##########
#..#. #...#
#..#. #####
#... #...
######..#
.........
######### #...


You could see an orc warrior and 7 orcs.

Vanquished Creatures
  A hippogriff (D:8)
  A hungry ghost (D:8)
  2 ice beasts
  A sky beast (D:9)
  A wasp (D:7)
  A phantom (D:6)
  6 ogres
  3 wolves
  A centaur (D:7)
  7 giant frogs
  A scorpion (D:7)
  A killer bee (D:8)
  3 howler monkeys
  3 crimson imps
  2 jellies
  10 hounds
  3 orc priests
  2 iguanas
  5 orc wizards
  Natasha (thrice) (D:2)
  11 worker ants
  A hound skeleton (D:6)
  A gnoll (D:1)
  9 adders
  An ooze (D:2)
  An adder zombie (D:7)
  3 adder skeletons
  3 worms
  A dart slug (D:1)
  5 giant geckos
  14 orcs
  5 giant cockroaches
  6 goblins
  4 hobgoblins
  4 jackals
  4 kobolds
  3 quokkas
  A ball python (D:2)
  8 bats
  A giant gecko skeleton (D:7)
  A giant newt (D:2)
  A quokka zombie (D:6)
  9 rats
154 creatures vanquished.

Notes
Turn   | Place    | Note
--------------------------------------------------------------
     0 | D:1      | mopl the Mummy Monk began the quest for the Orb.
     0 | D:1      | Reached XP level 1. HP: 18/18 MP: 1/1
   461 | D:1      | Reached XP level 2. HP: 5/24 MP: 2/2
   852 | D:1      | Reached skill level 4 in Unarmed Combat
  1039 | D:1      | Found a shattered altar of Ashenzari.
  1294 | D:2      | Found a sparkling altar of Nemelex Xobeh.
  1312 | D:2      | Reached XP level 3. HP: 21/29 MP: 3/3
  1522 | D:2      | Noticed Natasha
  1536 | D:2      | Killed Natasha
  1666 | D:2      | Noticed Natasha
  1715 | D:2      | Reached XP level 4. HP: 29/35 MP: 4/4
  1783 | D:2      | Killed Natasha
  1952 | D:2      | Reached skill level 5 in Unarmed Combat
  2081 | D:2      | Noticed Natasha
  2092 | D:2      | Killed Natasha
  2097 | D:2      | Reached XP level 5. HP: 31/41 MP: 5/5
  2224 | D:2      | Found a white marble altar of Elyvilon.
  3178 | D:4      | Noticed Pikel
  3178 | D:4      | Noticed a slave
  3178 | D:4      | Noticed a slave
  3180 | D:4      | Noticed a slave
  3204 | D:4      | Noticed a phantom
  3849 | D:4      | Reached skill level 3 in Dodging
  4056 | D:4      | Reached XP level 6. HP: 26/47 MP: 6/6
  4214 | D:4      | Noticed a slave
  4485 | D:5      | Entered Level 5 of the Dungeon
  4782 | D:4      | Noticed Grinder
  4786 | D:4      | Noticed Blork the orc
  5155 | D:5      | Reached skill level 4 in Fighting
  5313 | D:5      | Found a blossoming altar of Fedhas.
  5877 | D:5      | Reached skill level 6 in Unarmed Combat
  5877 | D:5      | Reached XP level 7. HP: 15/54 MP: 7/7
  6825 | D:6      | Found Tutadurgh's Antique Weapon Boutique.
  7046 | D:6      | Reached skill level 4 in Dodging
  7316 | D:6      | Found a shattered altar of Ashenzari.
  7316 | D:6      | Found a glowing silver altar of Zin.
  7317 | D:6      | Found a snail-covered altar of Cheibriados.
  7344 | D:6      | Found a glowing golden altar of the Shining One.
  7453 | D:6      | Reached skill level 7 in Unarmed Combat
  7453 | D:6      | Reached XP level 8. HP: 8/61 MP: 8/8
  7994 | D:6      | Reached skill level 5 in Fighting
  8889 | D:7      | Reached skill level 8 in Unarmed Combat
  8908 | D:7      | Reached skill level 6 in Fighting
  8908 | D:7      | Reached skill level 5 in Dodging
  8977 | D:7      | Found an opulent altar of Gozag.
  8992 | D:7      | Reached XP level 9. HP: 45/69 MP: 9/9
  9379 | D:7      | Found a staircase to the Ecumenical Temple.
  9609 | D:8      | Noticed removeelyvilon's ghost (novice TrMo)
 10293 | D:7      | Reached skill level 9 in Unarmed Combat
 10564 | D:8      | Reached skill level 7 in Fighting
 11505 | D:9      | Noticed a seven-headed hydra
 11526 | D:9      | Noticed a troll
 11531 | D:9      | Reached skill level 6 in Dodging
 11784 | D:9      | Noticed Erica
 11788 | D:9      | Found a stormy altar of Qazlal.
 11841 | D:9      | Noticed a troll
 11948 | D:9      | Slain by an orc warrior

Vault maps used:
D:1:      elethiomel_arrival_quiet, kennysheep_nondescript,
          evilmike_ruin_ashenzari
D:2:      lemuel_coloured_pillars_altar, nemelex_xobeh_ov_fountains_minmay,
          uniq_natasha
D:3:      first_bread
D:4:      kennysheep_mini_moat, lemuel_crystal_altar, minmay_misc_feat_square,
          uniq_grinder, uniq_blork_the_orc, uniq_pikel
D:5:      kennysheep_mini, kennysheep_generic_room_7
D:6:      nicolae_overflow_quartered_altars, serial_shops, shop
D:7:      grunt_gozag_breadcrumbs, temple_fountains
D:8:      erik_lair_island, minmay_radiant, uniq_joseph, uniq_erolcha,
          uniq_gastronok
D:9:      minmay_tri_box, grunt_qazlal_sundering, special_room, uniq_erica

Skill      XL: |  1  2  3  4  5  6  7  8  9 |
---------------+----------------------------+-----
Unarmed Combat | 4 5 6 7 8 9 |  9.5
Dodging        | 3 4 5 6 |  6.0
Fighting       | 4 6 7 |  7.2
Stealth        | |  1.5

Action                   |  1- 3 |  4- 6 |  7- 9 || total
-------------------------+-------+-------+-------++-------
Melee: Unarmed           |    87 |   315 |   511 ||   913
       Punch             |     5 |     4 |    17 ||    26
  Use: Scroll            |       |     9 |     6 ||    15
 Stab: Sleeping          |     3 |     3 |     8 ||    14
Armor: Skin              |     6 |    43 |    76 ||   125
Dodge: Dodged            |    45 |   215 |   343 ||   603
